 Dungeon Crawl Stone Soup version 0.29.0-4-gdea44cf6ec (webtiles) character file.

Game seed: 15312974238660119543

22 qw the Chopper (level 2, -4/17 HPs)
             Began as a Tengu Warper on Aug 28, 2022.
             Slain by Sigmund
             ... wielding a +0 scythe
              (10 damage)
             ... on level 2 of the Dungeon.
             The game lasted 00:00:05 (1119 turns).

qw the Chopper (Tengu Warper)                       Turns: 1119, Time: 00:00:05

Health: -4/17      AC:  9    Str: 11    XL:     2   Next: 91%
Magic:  6/6        EV:  5    Int: 13    God:
Gold:   47         SH:  0    Dex: 13    Spells: 5/5 levels left

rFire   . . .      SeeInvis .   Y - +0 hand axe
rCold   . . .      Faith    .   (no shield)
rNeg    . . .      Spirit   .   j - +0 chain mail
rPois   .          Reflect  .   (helmet restricted)
rElec   .          Harm     .   (no cloak)
rCorr   .          Rampage  .   f - +0 pair of gloves
Will    .....                   (boots unavailable)
Stlth   ..........              (no amulet)
HPRegen 0.05/turn               (no ring)
MPRegen 0.10/turn               (no ring)

@: no status effects
A: beak, talons 3
a: no special abilities


You were on level 2 of the Dungeon.
You visited 1 branch of the dungeon, and saw 2 of its levels.

You collected 96 gold pieces.
You spent 49 gold pieces at shops.


Innate Abilities, Weirdness & Mutations

You have a beak for a mouth.
You have claws for feet.


   Skills:
 - Level 2.0 Fighting
 + Level 3.6 Axes
 - Level 1.0 Throwing
 - Level 1.1 Armour
 - Level 2.1 Dodging
 - Level 2.0 Spellcasting
 - Level 2.4 Translocations


You had 5 spell levels left.
You didn't know any spells.
Your spell library contained the following spells:

 Spells                   Type           Power      Damage    Failure   Level
 Blink                    Tloc           14%        N/A       100%        2
 Gell's Gravitas          Tloc           7%         N/A       100%        3
 Lesser Beckoning         Tloc           7%         N/A       100%        3
 Teleport Other           Tloc           7%         N/A       100%        3
 Manifold Assault         Tloc           7%         N/A       100%        5

Inventory:

Hand Weapons
 d - a +0 whip
 Y - a +0 hand axe (weapon)
Armour
 f - a +0 pair of gloves (worn)
 j - a +0 chain mail (worn)
Scrolls
 a - a scroll of identify
Potions
 g - a potion of curing
 h - a potion of heal wounds {unknown}
 i - a potion of flight {unknown}

Dungeon Overview and Level Annotations

Branches:
Dungeon (2/15)

Altars:

Shops:
D:1 *

Annotations:
D:2 Sigmund


Message History

(D) Dungeon
Where to? (* - list waypoints, ? - help)
What level of the Dungeon? (default 1, ? - help) Press < or > to pray at altars.
There is an open door here.
You see here a +0 dagger.
There is a stone staircase leading down here.
You climb downwards.
Found 9 gold pieces.
Found a stone staircase leading up.
There is a stone staircase leading up here.
Existing waypoints: (2) D:1 Assign waypoint to what number? (0-9, D - delete waypoint) Waypoint 1 assigned to D:2.
Enter note:
Found a stone staircase leading down.
Sigmund the Dreaded comes into view.
He is wielding a +0 scythe.
Sigmund mumbles some strange words.
Sigmund flickers and vanishes!
Deactivating autopickup; reactivate with Ctrl-A.
You swing at nothing.
A magic dart appears from out of thin air!
The magic dart hits you!
You swing at nothing.
You swing at nothing.
Something hits you.
You swing at nothing.
You swing at nothing.
Something hits you but does no damage.
You swing at nothing.
You hear some strange, mumbled words.
Something tries to affect you, but you resist.
You swing at nothing.
Something hits you.
You swing at nothing.
Something hits you but does no damage.
You swing at nothing.
Something hits you!
Ouch! That really hurt!
You die...

....#...##
......#...
####.........
#.<..........
#............
#............
#.......<....
#..#.........#..
.......@....$#
.............#
.......{.....#
.....>.......#
.............#
........######
#########


There were no monsters in sight!

Vanquished Creatures
  3 giant cockroaches (D:1)
  5 goblins (D:1)
  2 hobgoblins (D:1)
  A kobold (D:1)
  A ball python (D:1)
  2 bats (D:1)
  2 frilled lizards (D:1)
  4 rats (D:1)
20 creatures vanquished.

Notes
Turn   | Place    | Note
-------+----------+-------------------------------------------
     0 | D:1      | qw the Tengu Warper began the quest for the Orb.
     0 | D:1      | Reached XP level 1. HP: 12/12 MP: 4/4
     0 | D:1      | 0 ||| qw: Version: 0.1-a-89-g26bdef1
     0 | D:1      | 0 ||| qw: Game counter: 2239
     0 | D:1      | 0 ||| qw: Always use a shield: true
     0 | D:1      | 0 ||| qw: God list: Okawaru
     0 | D:1      | 0 ||| qw: Allow faded altars: false
     0 | D:1      | 0 ||| qw: Do Orc after D:15 true
     0 | D:1      | 0 ||| qw: Do second Lair branch before Depths: true
     0 | D:1      | 0 ||| qw: Lair rune preference: random
     0 | D:1      | 0 ||| qw: Plans: Normal
     0 | D:1      | 0 ||| PLANNING D:1-11
    29 | D:1      | 29 ||| Stepping ~*~*~tactically~*~*~ (stealth).
   108 | D:1      | Reached XP level 2. HP: 10/17 MP: 6/6
   109 | D:1      | Reached skill level 3 in Axes
   297 | D:1      | Found Kowuob's General Store.
   313 | D:1      | 313 ||| BUYING +0 pair of gloves (49 gold).
   313 | D:1      | Bought a +0 pair of gloves for 49 gold pieces
   313 | D:1      | 313 ||| SHOPLISTING +2 hat (176 gold, have 16).
   313 | D:1      | 313 ||| SHOPLISTING +5 ring mail "Oruaq" {*Slow Will- Str+4
                  | Dex+8} (565 gold, have 16).
   313 | D:1      | 313 ||| SHOPLISTING +6 ring of strength (396 gold, have
                  | 16).
   313 | D:1      | 313 ||| SHOPLISTING amulet of the acrobat (330 gold, have
                  | 16).
   425 | D:1      | Found a faded altar of an unknown god.
   714 | D:1      | 714 ||| Stepping ~*~*~tactically~*~*~ (stealth).
   720 | D:1      | 720 ||| Stepping ~*~*~tactically~*~*~ (stealth).
   726 | D:1      | 726 ||| Stepping ~*~*~tactically~*~*~ (stealth).
  1068 | D:1      | 1068 ||| UPGRADING to +0 pair of gloves.
  1073 | D:1      | 1073 ||| UPGRADING to +0 chain mail.
  1083 | D:1      | 1083 ||| DROPPING +0 leather armour.
  1084 | D:1      | 1084 ||| READING 3 scrolls labelled XUKHA WOZU.
  1085 | D:1      | 1085 ||| READING 2 scrolls of identify.
  1085 | D:1      | 1085 ||| IDENTIFYING fizzy grey potion
  1086 | D:1      | 1086 ||| DROPPING scroll of blinking.
  1108 | D:2      | Noticed Sigmund
  1119 | D:2      | Slain by Sigmund

Levels and vault maps discovered:
D:1:      co_arrival_random_square_maze, layout_basic,
          shapermc_ecumenical_altar_flowoftime, serial_shops,
          nicolae_shop_advertising_works [nicolae_subvault_shop_adworks],
          minmay_hexomino_p4
D:2:      minmay_chambers_of_ones, layout_rooms, uniq_sigmund

Skill      XL: |  1  2 |
---------------+-------+-----
Axes           | 3 |  3.6
Fighting       | |  2.0
Throwing       | |  1.0
Armour         | |  1.1
Dodging        | |  2.1
Spellcasting   | |  2.0
Translocations | |  2.4

Action                   || total
-------------------------++-------
Melee: Hand axe          ||    42
       Peck              ||     7
       Kick              ||     6
Throw: Boomerang         ||     7
  Use: Scroll            ||     2
Armor: Leather armour    ||     6
       Chain mail        ||     2
Dodge: Dodged            ||    20

Table legend:
 A = Non-vault XP
 B = Vault XP
 C = Vault XP percentage of total XP
 D = Non-vault monster count
 E = Vault monster count
 F = Vault count percentage of total count
                 A         B        C        D         E       F
            +---------+---------+-------+---------+---------+-------
      Total |      29 |       3 |   9.4 |      18 |       2 |  10.0
            +---------+---------+-------+---------+---------+-------
        D:1 |      29 |       3 |   9.4 |      18 |       2 |  10.0
            +---------+---------+-------+---------+---------+-------
